 Dungeon Crawl Stone Soup version 0.30.1-4-g462c640d31 (webtiles) character file.

Game seed: 12521028995848480709

504 safid the Chiller (level 7, -6/54 HPs)
             Began as a Merfolk Ice Elementalist on Aug 15, 2023.
             Mangled by a mummy (10 damage)
             ... on level 5 of the Dungeon.
             The game lasted 00:05:33 (4825 turns).

safid the Chiller (Merfolk Ice Elementalist)        Turns: 4825, Time: 00:05:34

Health: -6/54      AC:  9    Str:  8    XL:     7   Next: 17%
Magic:  19/22      EV: 13    Int: 17    God:
Gold:   225        SH:  0    Dex: 14    Spells: 7/14 levels left

rFire   . . .        v - +2 dagger (freeze)
rCold   . . .        (no shield)
rNeg    . . .        a - +0 robe
rPois   .            (no helmet)
rElec   .            (no cloak)
rCorr   .            (no gloves)
SInv    .            (no boots)
Will    .....        f - amulet of regeneration
Stlth   ++           j - ring of magical power
HPRegen 0.29/turn    n - ring of flight
MPRegen 0.18/turn

%: no passive effects
@: ice-armoured, flying
A: (nimble swimmer 2), mertail
a: no special abilities


You were on level 5 of the Dungeon.
You visited 1 branch of the dungeon, and saw 5 of its levels.

You collected 225 gold pieces.

Inventory:

Hand Weapons
 v - a +2 dagger of freezing (weapon)
Armour
 a - a +0 robe (worn)
Jewellery
 f - an amulet of regeneration (around neck)
 j - a ring of magical power (left hand)
 n - a ring of flight (right hand)
Wands
 h - a wand of roots (2)
Scrolls
 d - a scroll of blinking
 e - a scroll of fog
 i - a scroll of teleportation
 l - a scroll of immolation
 o - a scroll of enchant armour
 s - 4 scrolls of fear
Potions
 b - 2 potions of magic
 c - 2 potions of curing {unknown}
 g - a potion of brilliance {unknown}
 k - a potion of invisibility {unknown}
 m - 2 potions of heal wounds {unknown}
 p - a potion of lignification {unknown}
 q - a potion of ambrosia {unknown}
 r - a potion of berserk rage {unknown}
 t - a potion of cancellation {unknown}


   Skills:
 + Level 4.3 Fighting
 + Level 3.0 Dodging
 - Level 2.1 Stealth
 + Level 4.2 Spellcasting
 + Level 6.3 Ice Magic


You had 7 spell levels left.
You knew the following spells:

 Your Spells              Type           Power      Damage    Failure   Level
a - Freeze                Ice            100%       1d10      1%          1
b - Frozen Ramparts       Ice            50%        1d8       3%          3
c - Ozocubu's Armour      Ice            25%        N/A       3%          3

Your spell library contained the following spells:

 Spells                   Type           Power      Damage    Failure   Level
 Summon Ice Beast         Ice/Summ       14%        N/A       38%         4
 Simulacrum               Ice/Necr       7%         N/A       99%         6
 Ozocubu's Refrigeration  Ice            12%        4d10      100%        7
 Polar Vortex             Ice            12%        N/A       100%        9


Dungeon Overview and Level Annotations

Branches:
Dungeon (5/15)
 Temple: D:4-7

Altars:
Qazlal
Wu Jian

Portals:
Ossuary: D:5

Annotations:
D:2 1 runed translucent door, Crazy Yiuf
D:4 2 runed translucent doors, Gatsu's ghost, amateur HuBe


Innate Abilities, Weirdness & Mutations

((You are very nimble when in or above water. (Stealth+, EV+, Speed+++)))
Your lower body shifts to a powerful aquatic tail in water.


Message History

You continue putting on your amulet of regeneration. x5
You finish putting on your amulet of regeneration.
The amulet cannot attune itself to your injured body.
f - an amulet of regeneration (around neck) Unknown command.
Found a book of Ice.
You pick up a book of Ice and begin reading...
You add the spells Simulacrum, Ozocubu's Refrigeration and Polar Vortex to your library.
Found a puce potion.
You reach down and open the door.
A mummy comes into view.
Found a sand-covered staircase.
There is an open door here.
Casting: Freeze (safe; 1% risk of failure)
Confirm with . or Enter, or press ? or * to list all spells.
Aiming: Freeze (safe; 1% risk of failure)
Press: ? - help, Shift-Dir - straight line, f - mummy
Aim: a mummy You freeze the mummy.
The mummy resists.
The mummy is lightly damaged.
The mummy hits you!
Unknown command.
Casting: Freeze (safe; 1% risk of failure)
Confirm with . or Enter, or press ? or * to list all spells.
A film of ice covers your body! The mummy hits you!
* * * LOW HITPOINT WARNING * * *
Unknown command.
You hit the mummy.
The mummy is moderately damaged.
The mummy misses you.
You barely miss the mummy.
The mummy is moderately damaged.
You hit the mummy.
The mummy is moderately damaged.
The mummy hits you!
* * * LOW HITPOINT WARNING * * *
You hit the mummy.
The mummy is moderately damaged.
The mummy hits you!
You die...

############
#..[.......#
#..........####
#.............####
#####...........#....##
.....).........###....#
##########.#..##∩##...#
#....##.M.##..####
........##..@..##....#
.####..#####'#####.#.#
#..............# ..
#..####..............
..................!..
....#######.....#.....
##... #........... ####
..........^. .....
.............


You could see a mummy.

Vanquished Creatures
  Blork the orc (D:4)
  A scorpion (D:4)
  2 howler monkeys (D:4)
  A hound (D:3)
  2 orc priests (D:4)
  Jessica (D:3)
  An iguana (D:5)
  An orc wizard (D:3)
  6 adders
  A worm (D:4)
  2 dart slugs
  7 orcs
  6 bats
  5 endoplasms
  5 giant cockroaches
  11 goblins
  6 hobgoblins
  5 jackals
  2 quokkas
  4 ball pythons
  5 frilled lizards
  8 kobolds
  7 rats
90 creatures vanquished.

Vanquished Creatures (others)
  An orc wizard (D:4)
1 creature vanquished.

Grand Total: 91 creatures vanquished

Notes
Turn   | Place    | Note
-------+----------+-------------------------------------------
     0 | D:1      | safid the Merfolk Ice Elementalist began the quest for the
                  | Orb.
     0 | D:1      | Reached XP level 1. HP: 13/13 MP: 3/3
    90 | D:1      | Reached XP level 2. HP: 18/20 MP: 3/5
   101 | D:1      | Reached skill level 1 in Fighting
   670 | D:1      | Reached XP level 3. HP: 20/26 MP: 6/6
   985 | D:2      | Learned a level 3 spell: Frozen Ramparts
  1548 | D:2      | You fall into a shaft and drop 1 floor!
  1570 | D:3      | Reached skill level 5 in Ice Magic
  1570 | D:3      | Reached XP level 4. HP: 33/33 MP: 8/8
  1578 | D:3      | Learned a level 3 spell: Ozocubu's Armour
  2184 | D:2      | Found a runed translucent door.
  2185 | D:2      | Noticed Crazy Yiuf
  2406 | D:3      | Reached XP level 5. HP: 32/39 MP: 9/9
  2584 | D:3      | Noticed Jessica
  2595 | D:3      | Killed Jessica
  2803 | D:3      | Found a stormy altar of Qazlal.
  3101 | D:4      | Reached XP level 6. HP: 44/47 MP: 11/11
  3189 | D:4      | HP: 1/47 [something] (6)]
  3514 | D:4      | Found a large runed translucent door.
  3521 | D:4      | Found a large runed translucent door.
  3555 | D:4      | Noticed Blork the orc
  3562 | D:4      | Killed Blork the orc
  3563 | D:4      | Reached skill level 6 in Ice Magic
  3704 | D:4      | Noticed Gatsu's ghost (amateur HuBe)
  3887 | D:4      | Found an ornate altar of the Wu Jian Council.
  4037 | D:4      | Reached XP level 7. HP: 43/54 MP: 13/13
  4676 | D:5      | Entered Level 5 of the Dungeon
  4816 | D:5      | Found a sand-covered staircase.
  4825 | D:5      | Mangled by a mummy

Illustrated notes

Levels and vault maps discovered:
D:1:      dpeg_arrival_tiny_d, layout_loops_ring
D:2:      layout_basic, minmay_splitting_lines, uniq_crazy_yiuf_cottage
D:3:      layout_loops_ring, nicolae_qazlal_eye_of_the_storm, minivault_4,
          kennysheep_generic_room_13, uniq_jessica
D:4:      layout_gridville, mainiacjoe_overflow_tiny_flanked,
          ebering_ghost_disaster_area, roderic_roman_lattice,
          serial_bayou_lake_a, uniq_blork_the_orc
D:5:      layout_rooms, mainiacjoe_overflow_surrounded_room,
          portal_sewer_entry_b, serial_rivers, chequers_serial_rivers_micro_a,
          chequers_serial_rivers_micro_a, chequers_serial_rivers_micro_b,
          chequers_serial_rivers_small_a, chequers_serial_rivers_micro_e,
          chequers_serial_rivers_micro_c, gup_ossuary_entry_pyramid

Skill      XL: |  1  2  3  4  5  6  7 |
---------------+----------------------+-----
Fighting       | 1 2 3 4 |  4.3
Ice Magic      | 5 6 |  6.3
Spellcasting   | 3 4 |  4.2
Dodging        | 3 |  3.0
Stealth        | |  2.1

Action                     |  1- 3 |  4- 6 |  7- 9 || total
---------------------------+-------+-------+-------++-------
  Melee: Short sword       |   120 |    71 |       ||   191
         Punch             |     2 |       |       ||     2
         Dagger            |       |    24 |    24 ||    48
   Cast: Freeze            |    21 |    44 |    15 ||    80
         Frozen Ramparts   |       |     5 |     1 ||     6
         Ozocubu's Armour  |       |     2 |     2 ||     4
    Use: Scroll            |       |       |     7 ||     7
   Stab: Sleeping          |     5 |     3 |       ||     8
 Armour: Robe              |    29 |    22 |     4 ||    55
  Dodge: Dodged            |    96 |    78 |    27 ||   201
